 Dungeon Crawl Stone Soup version 0.26.1-10-gdfb7c7de75 (webtiles) character file.

Game seed: 396647503398095431

247 Gabide the Grave Robber (level 5, 0/36 HPs)
             Began as a Mummy Necromancer on Apr 9, 2021.
             Killed from afar by an orc wizard (5 damage)
             ... with a magic dart
             ... on level 4 of the Dungeon.
             The game lasted 00:06:44 (3130 turns).

Gabide the Grave Robber (Mummy Necromancer)         Turns: 3130, Time: 00:06:45

Health: 0/36       AC:  2    Str: 11    XL:     5   Next: 85%
Magic:  1/12       EV: 12    Int: 16    God:
Gold:   139        SH:  0    Dex: 12    Spells: 12/13 levels left

rFire    x . .     SeeInvis .   h - +3 short sword (speed)
rCold    + . .     Faith    .   (no shield)
rNeg     + + +     Spirit   .   a - +0 robe
rPois    ∞         Reflect  .   (no helmet)
rElec    .         Harm     .   (no cloak)
rCorr    .         Rampage  .   (no gloves)
Will     .....                  (no boots)
Stlth    +++.......             (no amulet)
HPRegen  0.12/turn              f - ring of stealth
MPRegen  0.13/turn              (no ring)

@: about to teleport
A: no potions, fire vulnerability, cold resistance 1, negative energy resistance
3, torment resistance, unbreathing
a: no special abilities


You were on level 4 of the Dungeon.
You visited 1 branch of the dungeon, and saw 4 of its levels.

You collected 139 gold pieces.

Inventory:

Hand Weapons
 c - a +0 great sword of protection
 h - a +3 short sword of speed (weapon)
Armour
 a - a +0 robe (worn)
Jewellery
 b - an uncursed amulet of regeneration {unknown}
 f - a ring of stealth (left hand)


   Skills:
 + Level 0.6 Fighting
 + Level 0.3 Short Blades
 + Level 0.3 Maces & Flails
 + Level 1.6 Dodging
 + Level 1.9 Stealth
 + Level 4.6 Spellcasting
 * Level 6.0 Necromancy


You had 12 spell levels left.
You knew the following spells:

 Your Spells              Type           Power        Failure   Level
a - Pain                  Necr           92%          1%          1

Your spell library contained the following spells:

 Spells                   Type           Power        Failure   Level
 Animate Skeleton         Necr           46%          1%          1
 Vampiric Draining        Necr           11%          4%          3
 Animate Dead             Necr           11%          13%         4
 Agony                    Necr           23%          36%         5


Dungeon Overview and Level Annotations

Branches:
Dungeon (4/15)
 Temple: D:4-7

Altars:
Trog
Wu Jian
Zin

Annotations:
D:4 Edmund


Innate Abilities, Weirdness & Mutations

You do not drink.
Your flesh is vulnerable to fire.
You are immune to poison.
Your flesh is cold resistant. (rC+)
You are immune to negative energy. (rN+++)
You are immune to unholy pain and torment.
You can survive without breathing.


Message History

The orc writhes in agony.
Edmund shouts!
The orc wizard gestures at you while chanting.
The magic dart hits you!
* * * LOW HITPOINT WARNING * * *
Casting: Pain (safe; 1% risk of failure)
Confirm with . or Enter, or press ? or * to list all spells.
You don't know that spell.
Casting: Pain (safe; 1% risk of failure)
Confirm with . or Enter, or press ? or * to list all spells.
Aiming: Pain (safe; 1% risk of failure)
Press: ? - help, Shift-Dir - straight line, f/p - orc
Aim: an orc, wielding a +0 flail and wearing a +0 leather armour (almost dead, chance to affect: 92%)
The orc writhes in agony.
You kill the orc!
As you read the scroll of teleportation, it crumbles to dust.
You feel strangely unstable.
The orc wizard points at you and mumbles some strange words.
The magic dart hits you.
You die...

#.?#.#.#..#
#..o..##.#
........####.#####
#@#+#..$h........#
+..h....)....#
#.......o....#
###...@......#
#....[)....#
#..?..)..@.#
......)..#
.####.#### ... #..
#.. .. ##.


You could see Edmund, a howler monkey (wandering) and an orc wizard.

Vanquished Creatures
  A centaur skeleton (D:3)
  An orc priest (D:4)
  Jessica (D:2)
  Natasha (thrice) (D:3)
  2 adders
  2 dart slugs
  2 worms (D:3)
  3 leopard geckos
  5 orcs
  4 giant cockroaches
  8 goblins
  2 hobgoblins (D:3)
  2 jackals (D:3)
  2 quokkas
  5 bats
  8 kobolds
  9 rats
60 creatures vanquished.

Vanquished Creatures (others)
  A wizard (D:3)
1 creature vanquished.

Grand Total: 61 creatures vanquished

Notes
Turn   | Place    | Note
-------+----------+-------------------------------------------
     0 | D:1      | Gabide the Mummy Necromancer began the quest for the Orb.
     0 | D:1      | Reached XP level 1. HP: 13/13 MP: 4/4
   862 | D:1      | Reached XP level 2. HP: 19/19 MP: 3/6
  1244 | D:2      | Found an ornate altar of the Wu Jian Council.
  1297 | D:2      | Reached XP level 3. HP: 11/25 MP: 0/8
  1572 | D:2      | Noticed Jessica
  1581 | D:2      | Killed Jessica
  2043 | D:2      | Found a glowing silver altar of Zin.
  2119 | D:3      | Reached XP level 4. HP: 31/31 MP: 5/9
  2480 | D:3      | Found a bloodstained altar of Trog.
  2490 | D:3      | Noticed a wizard
  2493 | D:3      | Killed a wizard
  2538 | D:3      | Reached skill level 5 in Necromancy
  2741 | D:3      | Noticed Natasha
  2747 | D:3      | Killed Natasha
  2748 | D:3      | Reached XP level 5. HP: 36/36 MP: 5/11
  2763 | D:3      | Noticed Natasha
  2768 | D:3      | Killed Natasha
  2788 | D:3      | Noticed Natasha
  2837 | D:3      | Killed Natasha
  3109 | D:4      | Noticed Edmund
  3125 | D:4      | Reached skill level 6 in Necromancy
  3130 | D:4      | Killed from afar by an orc wizard

Illustrated notes

Levels and vault maps discovered:
D:1:      mrwooster_arrival_arrow, layout_loops_ring,
          kennysheep_decorative_pillar
D:2:      layout_basic, marbit_many_paths, nzn_wu_jian_council_hall,
          grunt_ministairs_14, uniq_jessica
D:3:      layout_basic, trog_wizard, uniq_natasha
D:4:      layout_rooms, vehumet_crystals, serial_shops,
          nicolae_shop_behind_doors, uniq_edmund, uniq_blork_the_orc

Skill      XL: |  1  2  3  4  5 |
---------------+----------------+-----
Spellcasting   | 3 4 |  4.6
Necromancy     | 5 6 |  6.0
Fighting       | |  0.6
Short Blades   | |  0.3
Maces & Flails | |  0.3
Dodging        | |  1.6
Stealth        | |  1.9

Action                   |  1- 3 |  4- 6 || total
-------------------------+-------+-------++-------
Melee: Whip              |    15 |       ||    15
       Short sword       |     5 |    15 ||    20
 Cast: Pain              |    56 |    71 ||   127
  Use: Scroll            |     5 |     2 ||     7
 Stab: Sleeping          |     3 |       ||     3
Armor: Robe              |     5 |       ||     5
Dodge: Dodged            |    16 |    12 ||    28
